 Dungeon Crawl Stone Soup version 0.30-a0-305-g026cb31310 (webtiles) character file.

Game seed: 1821295401474165077

18591 Bnni the Skirmisher (level 12, -1/99 HPs)
             Began as a Formicid Hunter on Oct 23, 2022.
             Was a High Priest of Okawaru.
             Slain by a skeletal warrior
             ... wielding a +0 short sword
              (3 damage)
             ... on level 13 of the Dungeon.
             The game lasted 00:32:59 (15138 turns).

Bnni the Skirmisher (Formicid Hunter)              Turns: 15138, Time: 00:33:04

Health: -1/99      AC: 10    Str: 16    XL:     12   Next: 97%
Magic:  19/19      EV: 10    Int: 10    God:    Okawaru [*****.]
Gold:   832        SH: 12    Dex: 21    Spells: 6/11 levels left

rFire   . . .      SeeInvis +    R - +0 arbalest
rCold   . . .      Faith    +    G - +0 kite shield
rNeg    . . .      Spirit   .    M - +0 swamp dragon scales
rPois   +          Reflect  .    (helmet unavailable)
rElec   .          Harm     .    L - +0 cloak
rCorr   .          Rampage  .    B - +0 pair of gloves
Will    ++...                    (no boots)
Stlth   +.........               u - amulet of faith
HPRegen 0.36/turn                p - ring of willpower
MPRegen 0.16/turn                (no ring)

@: studying Throwing
A: permanent stasis, dig shafts and tunnels, antennae 3, four strong arms
a: Dig, Shaft Self, Renounce Religion, Heroism, Finesse, Duel


You were on level 13 of the Dungeon.
You worshipped Okawaru.
Okawaru was extremely pleased with you.
You visited 2 branches of the dungeon, and saw 14 of its levels.

You collected 832 gold pieces.

Inventory:

Hand Weapons
 c - a +2 scimitar of flaming
 H - a +0 double sword of protection
 Q - a +3 trident of venom
 R - a +0 arbalest (weapon)
Missiles
 D - 4 throwing nets
 E - 4 curare-tipped darts
 S - a boomerang of dispersal
Armour
 f - the +6 chain mail "Opaopupo" {rPois rN++ Regen+}
   (You found it on level 12 of the Dungeon)

   rPois:     It protects you from poison.
   rN:        It greatly protects you from negative energy.
   Regen:     It increases your rate of health regeneration.
 B - a +0 pair of gloves (worn)
 G - a +0 kite shield (worn)
 L - a +0 cloak (worn)
 M - +0 swamp dragon scales (worn)
Jewellery
 a - a ring of fire
 h - an amulet of the acrobat
 p - a ring of willpower (left hand)
 u - an amulet of faith (around neck)
 A - an amulet of reflection
Wands
 n - a wand of roots (19)
 I - a wand of quicksilver (2)
 J - a wand of digging (10)
 N - a wand of mindburst (7)
 U - a wand of flame (8)
Scrolls
 b - 3 scrolls of immolation
 d - 4 scrolls of amnesia {unknown}
 e - 2 scrolls of poison {unknown}
 g - 5 scrolls of enchant weapon {unknown}
 i - 3 scrolls of blinking {unknown}
 j - 8 scrolls of teleportation {unknown}
 k - 7 scrolls of vulnerability {unknown}
 o - a scroll of magic mapping
 q - a scroll of noise {unknown}
 s - a scroll of enchant armour {unknown}
 x - a scroll of summoning {unknown}
 y - 2 scrolls of acquirement {unknown}
 z - a scroll of fear {unknown}
 F - 3 scrolls of silence {unknown}
 K - 2 scrolls of identify
 O - a scroll of fog
 T - a scroll of torment {unknown}
Potions
 l - a potion of mutation
 m - a potion of resistance
 r - 5 potions of curing
 t - 5 potions of brilliance
 v - 3 potions of attraction
 w - 2 potions of lignification
 C - a potion of flight
 P - a potion of heal wounds
 V - a potion of experience {unknown}


   Skills:
 + Level 10.7 Fighting
 * Level 14.0 Ranged Weapons
 + Level 4.9 Armour
 - Level 1.7 Dodging
 - Level 1.2 Stealth
 + Level 9.0 Shields
 * Level 10.4 Invocations


You had 6 spell levels left.
You knew the following spells:

 Your Spells              Type           Power      Damage    Failure   Level
a - Passwall              Tmut/Erth      0%         N/A       89%         2
b - Portal Projectile     Hex/Tloc       0%         N/A       98%         3

Your spell library contained the following spells:

 Spells                   Type           Power      Damage    Failure   Level
 Necrotise                Necr           0%         1d4       78%         1
 Shock                    Conj/Air       0%         1d3       78%         1
 Cigotuvi's Dreadful Rot  Necr/Pois/Air  0%         N/A       89%         2
 Ensorcelled Hibernation  Hex/Ice        0%         N/A       89%         2
 Poisonous Vapours        Pois/Air       0%         N/A       89%         2
 Frozen Ramparts          Ice            0%         1d1       98%         3
 Gell's Gravitas          Tloc           0%         N/A       98%         3
 Hailstorm                Conj/Ice       0%         3d3       98%         3
 Kindle Blastsparks       Fire/Tloc/Air  0%         2d10      98%         3
 Lesser Beckoning         Tloc           0%         N/A       98%         3
 Mephitic Cloud           Conj/Pois/Air  0%         N/A       98%         3
 Teleport Other           Tloc           0%         N/A       98%         3
 Vampiric Draining        Necr           0%         2d6       98%         3
 Fulminant Prism          Conj/Hex       0%         3d6       100%        4
 Ice Form                 Ice/Tmut       0%         N/A       100%        4
 Iskenderun's Mystic Bla  Conj/Tloc      0%         2d3       100%        4
 Leda's Liquefaction      Hex/Erth       0%         N/A       100%        4
 Petrify                  Tmut/Erth      0%         N/A       100%        4
 Agony                    Necr           0%         N/A       100%        5
 Blade Hands              Tmut           0%         N/A       100%        5
 Freezing Cloud           Conj/Ice/Air   0%         6-21      100%        5
 Lee's Rapid Deconstruct  Erth           0%         3d4*      100%        5
 Metabolic Englaciation   Hex/Ice        0%         N/A       100%        5
 Statue Form              Tmut/Erth      0%         N/A       100%        6
 Swiftness                Air            Unusable   N/A       N/A         3
 Tukima's Dance           Hex            Unusable   N/A       N/A         3
 Summon Forest            Summ/Tloc      Unusable   N/A       N/A         5
 Summon Mana Viper        Hex/Summ       Unusable   N/A       N/A         5
 Simulacrum               Ice/Necr       Unusable   N/A       N/A         6
 Summon Cactus Giant      Summ           Unusable   N/A       N/A         6

Dungeon Overview and Level Annotations

Branches:
Dungeon (13/15)            Temple (1/1) D:6            Lair (0/5) D:11
    Orc (0/2) D:10
 Vaults: D:13-14

Altars:
Ashenzari
Cheibriados
Dithmenos
Elyvilon
Fedhas
Gozag
Hepliaklqana
Kikubaaqudgha
Makhleb
Nemelex Xobeh
Okawaru
Qazlal
Ru
Sif Muna
Trog
Uskayaw
Vehumet
Wu Jian
Xom
Yredelemnul
Zin
The Shining One

Shops:
D:8 :

Annotations:
D:5 3 runed translucent doors, ouz's ghost, novice OpMo


Innate Abilities, Weirdness & Mutations

You cannot be hasted, slowed, berserked, paralysed or teleported.
You can dig through walls and to a lower floor.
You have a pair of large antennae on your head. (SInv)
Your four strong arms can wield two-handed weapons with a shield.


Message History

You shoot a bolt. The bolt hits the skeletal warrior.
The skeletal warrior is heavily damaged.
The skeletal warrior hits you with a +0 flail!
You shoot a bolt.
The bolt hits the skeletal warrior but does no damage.
The skeletal warrior is heavily damaged.
The skeletal warrior closely misses you.
You shoot a bolt. The bolt hits the skeletal warrior!
The skeletal warrior is severely damaged.
You block the skeletal warrior's attack.
The skeletal warrior completely misses you.
You shoot a bolt. The bolt hits the skeletal warrior!
The skeletal warrior is almost destroyed.
You feel like a meek peon again.
You block the skeletal warrior's attack. x2
The skeletal warrior hits you but does no damage.
You block the skeletal warrior's attack.
You shoot a bolt.
The bolt barely misses the skeletal warrior.
You block the skeletal warrior's attack. x2
You shoot a bolt.
The bolt hits the skeletal warrior but does no damage.
The skeletal warrior is almost destroyed.
The skeletal warrior hits you but does no damage.
The skeletal warrior hits you with a +0 short sword!!
You are too injured to fight recklessly!
You are too injured to fight recklessly!
Fire: R) +0 arbalest
Press: ? - help, Q - select action, (/) - cycle Shift-Dir - straight line, f/p - skeletal warrior
Aim: a skeletal warrior, wielding a +0 flail (almost destroyed, 70% to hit)
You shoot a bolt.
The bolt hits the skeletal warrior but does no damage.
The skeletal warrior is almost destroyed.
The skeletal warrior hits you with a +0 flail!
* * * LOW HITPOINT WARNING * * *
The skeletal warrior hits you with a +0 short sword!!
* * * LOW HITPOINT WARNING * * *
You block the skeletal warrior's attack.
The skeletal warrior hits you with a +0 short sword.
You die...

#####........#
.......$.....
..........(.
..........< ..
..........# ...
#........######..
#....z).......... .
#....z@.......# ..
#.............# ...
#$............#.#.#
#.................#
#$................#
##########........#
#<.......#
#........#
#........#


You could see 2 skeletal warriors.

Vanquished Creatures
  A fire dragon (D:10)
  Josephine (D:12)
  Erica (D:11)
  A two-headed ogre (D:6)
  A skeletal warrior (D:13)
  3 ugly things
  A cyclops (D:12)
  A manticore (D:12)
  A gargoyle (D:11)
  Psyche (D:12)
  A freezing wraith (D:11)
  Maggie (D:8)
  3 komodo dragons (D:11)
  4 trolls
  A hornet (D:11)
  4 slime creatures (D:11)
  Sigmund (D:6)
  15 yaks
  6 wraiths
  2 vampires
  Eustachio (D:8)
  3 wyverns
  Grum (D:10)
  A steam dragon (D:7)
  4 vampire mosquitoes
  4 acid dragons
  2 water moccasins
  6 orc warriors
  A swamp drake (D:11)
  3 ice beasts
  3 sky beasts
  A black bear (D:6)
  4 wolves
  An ogre (D:6)
  2 centaurs
  5 bullfrogs
  4 gnoll sergeants
  3 necrophages
  2 scorpions
  5 wights
  3 killer bees (D:10)
  2 electric eels
  5 howler monkeys
  A jelly (D:4)
  12 orc priests
  3 hounds
  6 iguanas
  11 orc wizards
  17 gnolls
  6 adders
  2 shadow imps
  An ufetubus (D:5)
  A worm (D:3)
  4 dart slugs
  34 orcs
  8 ball pythons
  11 bats
  6 endoplasms
  2 giant cockroaches (D:4)
  7 goblins
  8 hobgoblins
  2 jackals (D:1)
  11 kobolds
  3 quokkas
  3 frilled lizards
  10 rats
285 creatures vanquished.

Vanquished Creatures (others)
  An electric eel (D:12)
1 creature vanquished.

Grand Total: 286 creatures vanquished

Notes
Turn   | Place    | Note
-------+----------+-------------------------------------------
     0 | D:1      | Bnni the Formicid Hunter began the quest for the Orb.
     0 | D:1      | Reached XP level 1. HP: 16/16 MP: 1/1
    50 | D:1      | Reached XP level 2. HP: 23/23 MP: 2/2
   176 | D:1      | Reached XP level 3. HP: 28/28 MP: 3/3
   640 | D:2      | Reached XP level 4. HP: 29/35 MP: 4/4
   642 | D:2      | Reached skill level 5 in Ranged Weapons
  1556 | D:3      | Reached XP level 5. HP: 34/41 MP: 5/5
  2335 | D:4      | Reached skill level 6 in Ranged Weapons
  2496 | D:4      | Reached XP level 6. HP: 48/48 MP: 6/6
  2759 | D:5      | Entered Level 5 of the Dungeon
  2764 | D:5      | Found a runed translucent gate.
  2764 | D:5      | Found a runed translucent gate.
  2767 | D:5      | Found a runed translucent gate.
  2906 | D:5      | Noticed ouz's ghost (novice OpMo)
  2948 | D:5      | Reached XP level 7. HP: 44/55 MP: 7/7
  3111 | D:5      | Reached skill level 7 in Ranged Weapons
  3284 | D:5      | Found an ornate altar of the Wu Jian Council.
  3288 | D:5      | Found a basalt altar of Yredelemnul.
  3291 | D:5      | Found a white marble altar of Elyvilon.
  3499 | D:6      | Noticed a two-headed ogre
  3507 | D:6      | Killed a two-headed ogre
  3508 | D:6      | Reached skill level 8 in Ranged Weapons
  3508 | D:6      | Reached XP level 8. HP: 39/64 MP: 8/8
  3750 | D:6      | Reached skill level 9 in Ranged Weapons
  4128 | D:6      | Reached XP level 9. HP: 71/71 MP: 9/9
  4131 | D:6      | Identified the +3 short sword of Psychosis {antimagic, rF+
                  | rCorr}
  4161 | D:6      | Found a staircase to the Ecumenical Temple.
  4175 | Temple   | Entered the Ecumenical Temple
  4269 | Temple   | Became a worshipper of Warmaster Okawaru
  4366 | D:6      | You fall into a shaft and drop 2 floors!
  4469 | D:8      | Noticed Eustachio
  4478 | D:8      | Killed Eustachio
  4479 | D:8      | Reached skill level 1 in Invocations
  4490 | D:8      | Reached skill level 10 in Ranged Weapons
  4518 | D:8      | Reached * piety under Okawaru
  4664 | D:8      | Learned a level 2 spell: Passwall
  4822 | D:8      | Reached skill level 1 in Shields
  5126 | D:7      | Learned a level 3 spell: Portal Projectile
  5525 | D:6      | Reached XP level 10. HP: 71/80 MP: 11/13
  5594 | D:6      | Reached ** piety under Okawaru
  5595 | D:6      | Reached skill level 11 in Ranged Weapons
  5680 | D:6      | Noticed Sigmund
  5688 | D:6      | Killed Sigmund
  6486 | D:7      | Reached skill level 5 in Invocations
  6780 | D:7      | Reached *** piety under Okawaru
  7311 | D:8      | Found a sparkling altar of Nemelex Xobeh.
  7311 | D:8      | Noticed Grum
  7331 | D:8      | Reached skill level 5 in Shields
  7604 | D:8      | Found Iptej's Book Shoppe.
  7609 | D:8      | Noticed Maggie
  7633 | D:8      | Killed Maggie
  7809 | D:9      | Got the Monograph on Lofty Cold
  7918 | D:9      | Reached skill level 12 in Ranged Weapons
  7937 | D:9      | Received a gift from Okawaru
  7938 | D:9      | Reached XP level 11. HP: 26/89 MP: 15/15
  8219 | D:9      | Reached **** piety under Okawaru
  9133 | D:9      | Noticed a brown ugly thing
  9158 | D:9      | Killed a brown ugly thing
  9438 | D:9      | Reached skill level 1 in Armour
  9553 | D:10     | Entered Level 10 of the Dungeon
  9628 | D:10     | HP: 3/89 [troll (5)]
 10508 | D:10     | Reached ***** piety under Okawaru
 10602 | D:10     | Killed Grum
 10676 | D:10     | Noticed a fire dragon
 10746 | D:10     | Found a staircase to the Orcish Mines.
 10834 | D:10     | Found a shadowy altar of Dithmenos.
 11096 | D:10     | Killed a fire dragon
 11096 | D:10     | Received a gift from Okawaru
 11097 | D:10     | Reached skill level 13 in Ranged Weapons
 11844 | D:11     | Reached skill level 10 in Fighting
 12041 | D:11     | Received a gift from Okawaru
 12152 | D:11     | Noticed a red ugly thing
 12160 | D:11     | Reached XP level 12. HP: 58/97 MP: 16/18
 12420 | D:11     | Noticed Erica
 12427 | D:11     | Killed Erica
 12866 | D:11     | Found a staircase to the Lair.
 13135 | D:12     | Noticed Josephine
 13757 | D:12     | Killed Josephine
 14122 | D:12     | Reached skill level 10 in Invocations
 14202 | D:12     | Received a gift from Okawaru
 14352 | D:12     | Identified the +6 chain mail "Opaopupo" {rPois rN++ Regen+}
 14539 | D:12     | Identified the +2 robe of Negation {rF+ rN+} (Okawaru
                  | gifted it to you on level 12 of the Dungeon)
 14539 | D:12     | Received a gift from Okawaru
 14805 | D:12     | Reached skill level 14 in Ranged Weapons
 15072 | D:12     | Noticed Psyche
 15080 | D:12     | Killed Psyche
 15113 | D:13     | Noticed a skeletal warrior
 15124 | D:13     | Killed a skeletal warrior
 15125 | D:13     | Noticed a skeletal warrior
 15128 | D:13     | Noticed a skeletal warrior
 15138 | D:13     | HP: 2/99 [skeletal warrior/+0 short sword (20)]
 15138 | D:13     | Slain by a skeletal warrior

Illustrated notes

Levels and vault maps discovered:
D:1:      dpeg_arrival_rhombus, layout_rooms, glass_columns_a,
          kennysheep_nondescript, st_stairs_5, hangedman_decor_growths,
          nicolae_concentric_dashed_squares_wild
D:2:      layout_loops_ring, grunt_ministairs_11, small_statue_intersection,
          st_stairs_13
D:3:      layout_loops_corners
D:4:      layout_loops_cross
D:5:      layout_basic, grunt_temple_overflow_diamond,
          gammafunk_ghost_necromancy
D:6:      layout_loops_ring, minmay_temple_entry_crystal_x,
          kennysheep_generic_room_16, uniq_sigmund
D:7:      layout_basic, serial_corexii_hall, corexii_hall_statues_i,
          corexii_hall_statues_i, grunt_ministairs_1,
          kennysheep_opposing_triangles
D:8:      layout_loops_ring, nemelex_spade_bored_becter, serial_shops,
          nicolae_shop_waterfront, sword_in_stone, uniq_grum, uniq_maggie
D:9:      statuecave_lemuel, layout_irregular_city
D:10:     layout_roguey, nicolae_dithmenos_the_darkroom, david_orc_3,
          kennysheep_just_a_vault
D:11:     layout_basic, erik_lair_dragon, uniq_erica
D:12:     layout_rooms, lemuel_freeze_loot_1, uniq_josephine, uniq_psyche
D:13:     layout_basic
Temple:   minmay_temple_bridge_d

Skill      XL: |  1  2  3  4  5  6  7  8  9 10 11 12 |
---------------+-------------------------------------+-----
Fighting       | 3 4 6 8 9 10 | 10.7
Ranged Weapons | 5 6 8 9 10 12 13 14 | 14.0
Invocations    | 4 6 8 10 | 10.4
Shields        | 2 5 7 9 |  9.0
Armour         | 2 4 |  4.9
Dodging        | |  1.7
Stealth        | |  1.2

Action                   |  1- 3 |  4- 6 |  7- 9 | 10-12 || total
-------------------------+-------+-------+-------+-------++-------
Melee: Double sword      |       |       |     2 |    60 ||    62
       Trident           |       |       |       |    34 ||    34
 Fire: Shortbow          |     6 |       |       |       ||     6
       Sling             |    62 |   169 |   269 |   512 ||  1012
       Arbalest          |       |       |       |   274 ||   274
Throw: Dart              |       |       |     4 |     1 ||     5
 Cast: Passwall          |       |       |     1 |       ||     1
Invok: Heroism           |       |       |     3 |    27 ||    30
       Finesse           |       |       |       |     1 ||     1
 Abil: Dig               |       |       |     1 |     5 ||     6
       Shaft Self        |       |       |     1 |       ||     1
Evoke: Wand              |       |       |     2 |     1 ||     3
  Use: Scroll            |       |     4 |     2 |     8 ||    14
       Potion            |       |       |     3 |     7 ||    10
Armor: Leather armour    |     3 |     9 |    20 |    23 ||    55
       Swamp dragon scal |       |       |       |    85 ||    85
Dodge: Dodged            |    19 |    25 |    82 |   229 ||   355
Block: Kite shield       |       |       |       |   361 ||   361

Table legend: (Time is in decaauts)
 A = Elapsed time spent in this place.
 B = Non-inter-level travel time spent in this place.
 C = Inter-level travel time spent in this place.
 D = Time resting spent in this place.
 E = Time spent auto-exploring this place.
 F = Levels seen in this place.
 G = Mean time per level.
                   A        B        C        D        E       F      G
               +--------+--------+--------+--------+--------+-----+--------+
         Total |  15220 |  14739 |    481 |   3550 |   8661 |  14 | 1087.1 |
       Dungeon |  15054 |  14672 |    382 |   3550 |   8602 |  13 | 1158.0 |
        Temple |    165 |     66 |     99 |      0 |     59 |   1 |  165.0 |
               +--------+--------+--------+--------+--------+-----+--------+

Top non-repeatable levels by time:
    D:11: 2540 daAuts
     D:9: 1815 daAuts
    D:10: 1800 daAuts
     D:7: 1765 daAuts
    D:12: 1283 daAuts
     D:6: 1242 daAuts
     D:8: 1046 daAuts
     D:3: 809 daAuts
     D:5: 729 daAuts
     D:2: 688 daAuts
     D:4: 664 daAuts
     D:1: 633 daAuts
  Temple: 165 daAuts
    D:13: 34 daAuts
